 Dungeon Crawl Stone Soup version 0.19-a0-1007-g133f65f (webtiles) character file.

196 Implojin the Ruffian (level 5, 0/45 HPs)
             Began as a Minotaur Fighter on July 20, 2016.
             Succumbed to Sigmund's poison
             ... on level 3 of the Dungeon.
             The game lasted 00:02:09 (300 turns).

Implojin the Ruffian (Minotaur Fighter)              Turns: 300, Time: 00:02:10

Health: 0/45       AC: 10    Str: 20    XL:     5   Next: 46%
Magic:  4/4        EV:  5    Int:  5    God:
Gold:   0          SH:  9    Dex: 11    Spells: 0 memorised, 4 levels left

rFire  . . .     SeeInvis .       - Unarmed
rCold  . . .     Gourm    .     j - +0 chain mail
rNeg   . . .     Faith    .     b - +0 shield
rPois  .         Spirit   .     (helmet restricted)
rElec  .         Dismiss  .     f - +0 cloak
rCorr  .         Reflect  .     (no gloves)
SustAt .         Harm     .     (no boots)
MR     .....                    (no amulet)
Stlth  ..........               (no ring)
                                (no ring)

@: lethally poisoned (0 -> -6), not resistant to hostile enchantments, extremely
unstealthy
A: retaliatory headbutt, horns 2
a: no special abilities


You were on level 3 of the Dungeon.
You were not hungry.

You visited 1 branch of the dungeon, and saw 3 of its levels.

Inventory:

Hand Weapons
 c - a +0 hunting sling
 g - a +1 whip of venom
 l - a +1 flail of protection
Missiles
 k - 24 sling bullets
Armour
 a - a +0 scale mail
 b - a +0 shield (worn)
 f - a +0 cloak (worn)
 j - a +0 chain mail (worn)
Scrolls
 h - a scroll of magic mapping {unknown}
 i - a scroll of identify {unknown}
Comestibles
 d - 2 bread rations


   Skills:
 - Level 3.6 Fighting
 - Level 3.6 Armour
 - Level 3.6 Shields
 * Level 6.3 Unarmed Combat


You had 4 spell levels left.
You didn't know any spells.

Dungeon Overview and Level Annotations

Branches:
Dungeon (3/15)

Altars:


Innate Abilities, Weirdness & Mutations

You reflexively headbutt those who attack you in melee.
You have a pair of horns on your head.


Message History

Sigmund barely misses you. You furiously retaliate!
You headbutt Sigmund! You hit Sigmund.
Sigmund is heavily wounded.
Sigmund hits you but does no damage.
You are poisoned.
You aren't carrying any potions.
You hit Sigmund.
Sigmund is severely wounded.
You feel sick.
You hit Sigmund.
Sigmund is severely wounded.
You feel sick.
Sigmund hits you with a scythe of venom!
* * * LOW HITPOINT WARNING * * *
You are more poisoned.
Unknown command.
Okay, then.
You hit Sigmund. You headbutt Sigmund.
You kill Sigmund!
Your Unarmed Combat skill gained 2 levels and is now at level 6!
You have reached level 4!
You feel agile.
You have reached level 5!
* * * LOW HITPOINT WARNING * * *
You feel sick.
You aren't carrying any potions.
Things that are here:
a scythe of venom; a robe
* * * LOW HITPOINT WARNING * * *
You feel sick.
* * * LOW HITPOINT WARNING * * *
You feel sick.
You see here a runed flail.
l - a runed flail
* * * LOW HITPOINT WARNING * * *
You feel sick.
As you read the scroll labeled CONNEO HOISO, it crumbles to dust.
You experience a momentary feeling of inescapable doom!
It was a scroll of random uselessness.
You die...

..####.....#.....#
. ...
#.....#.....#.. #.
#.....#...###.#
########..###.##
..............#
...###.......# .
#.>.....#
##......# #).@...#
#.###### #.# #.#
..# ###


There were no monsters in sight!

Vanquished Creatures
  Sigmund (D:3)
  Robin (D:3)
  A giant cockroach (D:1)
  10 goblins
  6 hobgoblins
  2 kobolds
  A ball python (D:1)
  2 bats
  4 giant newts
  A rat (D:2)
29 creatures vanquished.

Notes
Turn   | Place    | Note
-------+----------+-------------------------------------------
     0 | D:1      | Implojin the Minotaur Fighter began the quest for the Orb.
     0 | D:1      | Reached XP level 1. HP: 19/19 MP: 0/0
   109 | D:2      | Reached skill level 3 in Unarmed Combat
   136 | D:2      | Reached XP level 2. HP: 19/26 MP: 1/1
   217 | D:3      | Noticed Robin
   222 | D:3      | Noticed Sigmund
   258 | D:3      | Killed Robin
   258 | D:3      | Reached skill level 4 in Unarmed Combat
   258 | D:3      | Reached XP level 3. HP: 15/31 MP: 2/2
   295 | D:3      | Killed Sigmund
   295 | D:3      | Reached skill level 6 in Unarmed Combat
   295 | D:3      | Reached XP level 4. HP: 4/39 MP: 3/3
   295 | D:3      | Reached XP level 5. HP: 4/45 MP: 4/4
   298 | D:3      | HP: 2/45 [poisoned by Sigmund]
   300 | D:3      | Succumbed to Sigmund's poison

Vault maps used:
D:1:      ncdulo_halloftheorcs
D:2:      first_bread, uniq_crazy_yiuf_cottage
D:3:      uniq_natasha, uniq_robin, uniq_sigmund

Skill      XL: |  1  2  3 |
---------------+----------+-----
Unarmed Combat | 3 4 6 |  6.3
Fighting       | |  3.6
Armour         | |  3.6
Shields        | |  3.6

Action                   |  1- 3 |  4- 6 || total
-------------------------+-------+-------++-------
Melee: Unarmed           |    66 |       ||    66
       Headbutt          |     7 |       ||     7
  Use: Potion            |     1 |       ||     1
       Scroll            |       |     1 ||     1
Armor: Scale mail        |    26 |       ||    26
       Chain mail        |    11 |       ||    11
Dodge: Dodged            |    23 |       ||    23
Block: Shield            |    54 |       ||    54

Table legend:
 A = Turns spent in this place as a percentage of turns spent in the entire game.
 B = Non-inter-level travel turns spent in this place as a percentage of non-inter-level travel turns spent in the entire game.
 C = Inter-level travel turns spent in this place as a percentage of turns spent in this place.
 D = Turns resting spent in this place as a percentage of non-inter-level travel turns spent in this place.
 E = Turns spent auto-exploring this place as a percentage of non-inter-level travel turns spent in this place.
 F = Non-inter-level travel turns spent in this place divided by the number of levels of this place that you've seen.
                   A       B       C       D       E      F
               +-------+-------+-------+-------+-------+----------------------
         Total | 100.0 | 100.0 |   0.0 |   0.0 |   0.0 | 102.0
       Dungeon | 100.0 | 100.0 |   0.0 |   0.0 |   0.0 | 102.0
               +-------+-------+-------+-------+-------+----------------------

Table legend:
 A = Kills in this place as a percentage of kills in entire the game.
 B = Kills by you in this place as a percentage of kills by you in the entire game.
 C = Kills by friends in this place as a percentage of kills by friends in the entire game.
 D = Other kills in this place as a percentage of other kills in the entire game.
 E = Experience gained in this place as a percentage of experience gained in the entire game.
 F = Experience gained in this place divided by the number of levels of this place that you have seen.
                   A       B       C       D       E      F
               +-------+-------+-------+-------+-------+----------------------
         Total | 100.0 | 100.0 |  -nan |  -nan | 100.0 |  93.7
       Dungeon | 100.0 | 100.0 |  -nan |  -nan | 100.0 |  93.7
               +-------+-------+-------+-------+-------+----------------------
